 Dungeon Crawl Stone Soup version 0.27-a0-1206-g6342a01c75 (webtiles) character file.

Game seed: 9570278532075992361

361 Glokmah the Insei (level 6, -1/45 HPs)
             Began as a Djinni Transmuter on June 5, 2021.
             Was an Initiate of Ru.
             Slain by an orc warrior
             ... wielding a +0 broad axe
              (6 damage)
             ... on level 5 of the Dungeon.
             The game lasted 00:10:45 (7004 turns).

Glokmah the Insei (Djinni Transmuter)               Turns: 7004, Time: 00:10:46

Health: -1/45      AC:  2    Str: 11    XL:     6   Next: 99%
Gold:   170        EV: 12    Int: 15    God:    Ru [......] SH:  5 Dex: 13

rFire    + + .     SeeInvis +     - Unarmed
rCold    x . .     Faith    .   (no shield)
rNeg     . . .     Spirit   .   a - +0 robe
rPois    ∞         Reflect  +   (no helmet)
rElec    .         Harm     .   (no cloak)
rCorr    .         Rampage  .   (no gloves)
Will     +....                  (boots unavailable)
Stlth    +.........             g - amulet of reflection
HPRegen  0.15/turn              c - ring of see invisible
MPRegen  0.00/turn              j - ring of willpower

@: wereblooded, flying
A: sickness immunity, fire resistance 2, cold vulnerability 1, float, innate
caster, hp casting, extra vitality 1
a: Renounce Religion


You were on level 5 of the Dungeon.
You worshipped Ru.
Ru was noncommittal.
You visited 1 branch of the dungeon, and saw 5 of its levels.

You collected 170 gold pieces.

Inventory:

Missiles
 e - 45 poisoned darts
Armour
 a - a +0 robe (worn)
Jewellery
 b - an amulet of magic regeneration
 c - a ring of see invisible (left hand)
 g - an amulet of reflection (around neck)
 j - a ring of willpower (right hand)
Scrolls
 d - 4 scrolls of identify {unknown}
 i - a scroll of noise {unknown}
 l - a scroll of enchant armour {unknown}
 m - a scroll of fear {unknown}
Potions
 f - 2 potions of attraction {unknown}
 h - 3 potions of invisibility {unknown}
 k - a potion of curing {unknown}


   Skills:
 + Level 2.9 Fighting
 - Level 2.1 Dodging
 * Level 5.1 Unarmed Combat
 * Level 3.4 Spellcasting


You couldn't memorise any spells.
You knew the following spells:

 Your Spells              Type           Power      Damage    Failure   Level
a - Beastly Appendage     Tmut           26%        N/A       4%          1
b - Wereblood             Tmut           13%        N/A       7%          2
c - Spider Form           Tmut/Pois      6%         N/A       14%         3
d - Ice Form              Ice/Tmut       13%        N/A       41%         4
e - Hydra Form            Tmut           6%         N/A       77%         5
f - Pain                  Necr           52%        1d6       4%          1
g - Slow                  Hex            13%        N/A       7%          2
Your spell library was empty.

Dungeon Overview and Level Annotations

Branches:
Dungeon (5/15)             Temple (0/1) D:5

Altars:
Cheibriados
Gozag
Kikubaaqudgha
Okawaru
Ru
Wu Jian
Zin
Lugonu

Shops:
D:3 (   D:5 *

Portals:
Abyss: D:5


Innate Abilities, Weirdness & Mutations

You are immune to sickness and miasma.
You are immune to poison.
Your flesh is very heat resistant. (rF++)
You are vulnerable to cold. (rC-)
You float through the air rather than walking.
You learn spells naturally, not from books.
Your magical power is your life essence.
You have superior vitality. (+4 HP)


Message History

You barely miss the orc warrior. The orc warrior closely misses you.
The orc hits you with a +0 club.
You hit the orc warrior.
The orc warrior is lightly wounded.
The orc warrior barely misses you.
You hit the orc warrior but do no damage.
The orc warrior looks as sick as possible!
The orc warrior is lightly wounded.
You block the orc warrior's attack. The orc hits you with a +0 club.
The orc priest calls upon Beogh to heal the orc warrior.
The orc warrior is healed somewhat.
You bite the orc warrior!
The orc warrior looks as sick as possible!
The orc warrior is heavily wounded.
The orc warrior barely misses you. The orc hits you with a +0 club.
The orc priest closely misses you.
You hit the orc warrior.
The orc warrior is heavily wounded.
You block the orc warrior's attack. The orc barely misses you.
The orc priest hits you with a +0 club.
You barely miss the orc warrior.
The orc warrior is severely wounded.
You block the orc warrior's attack. The orc hits you with a +0 club.
The orc priest calls upon Beogh to heal the orc warrior.
The orc warrior is healed somewhat.
You hit the orc warrior but do no damage.
The orc warrior looks as sick as possible!
The orc warrior is severely wounded.
Your transformation has ended.
Your +0 robe unmelds from your body.
You block the orc warrior's attack. The orc barely misses you.
The orc priest hits you with a +0 club.
You hit the orc warrior.
The orc warrior is severely wounded.
The orc warrior hits you with a +0 broad axe!!
* * * LOW HITPOINT WARNING * * *
You block the orc's attack. The orc priest hits you with a +0 club.
* * * LOW HITPOINT WARNING * * *
Unknown command.
The orc warrior hits you with a +0 broad axe.
You die...

##.. #..#. ##.
...... .... ....#
.#.##
##..########...##
.....
.?.>.........#....
.#.##
##.#.....#oo###...
......[..@.o.#..#
......§.§..#...##
..#.§§§.## ### .#
#...§.# .#.#
#.....# .#.#
#.#####.### .#.#
#.....#.#.## .#.#
#.##...#...## .#.#
#.#.###..#..##


You could see an orc warrior (extremely poisoned), an orc priest and an orc.

Vanquished Creatures
  An ogre (D:4)
  A jelly (D:4)
  An orc priest (D:5)
  An iguana (D:5)
  An orc wizard (D:5)
  A gnoll (D:1)
  9 adders
  An ufetubus (D:3)
  2 worms
  3 dart slugs
  3 orcs (D:5)
  4 ball pythons
  7 endoplasms
  5 giant cockroaches
  6 goblins
  4 hobgoblins
  13 jackals
  A quokka (D:2)
  3 bats (D:1)
  3 frilled lizards
  5 kobolds
  4 rats
  A lurking horror (D:5)
80 creatures vanquished.

Notes
Turn   | Place    | Note
-------+----------+-------------------------------------------
     0 | D:1      | Glokmah the Djinni Transmuter began the quest for the Orb.
     0 | D:1      | Reached XP level 1. HP: 17/17 MP: 0/0
   647 | D:1      | Reached XP level 2. HP: 5/22 MP: 0/0
  1142 | D:1      | Reached XP level 3. HP: 20/27 MP: 0/0
  1142 | D:1      | Learned a level 1 spell: Pain
  2288 | D:2      | Reached XP level 4. HP: 24/33 MP: 0/0
  2878 | D:2      | Reached skill level 4 in Unarmed Combat
  3657 | D:3      | Reached XP level 5. HP: 31/38 MP: 0/0
  3657 | D:3      | Learned a level 2 spell: Slow
  3829 | D:3      | Found a glowing silver altar of Zin.
  3829 | D:3      | Found an ornate altar of the Wu Jian Council.
  3829 | D:3      | Found a snail-covered altar of Cheibriados.
  3839 | D:3      | Found an opulent altar of Gozag.
  3839 | D:3      | Found a sacrificial altar of Ru.
  3872 | D:3      | Became a worshipper of Ru the Awakened
  4299 | D:3      | Found Wetes's Weapon Emporium.
  4392 | D:3      | Found an iron altar of Okawaru.
  5016 | D:4      | Noticed an ogre
  5027 | D:4      | Killed an ogre
  5028 | D:4      | Reached XP level 6. HP: 11/45 MP: 0/0
  5700 | D:4      | Reached skill level 5 in Unarmed Combat
  6169 | D:5      | Entered Level 5 of the Dungeon
  6592 | D:5      | Found Ewkiut's General Store.
  6618 | D:5      | Found a one-way gate to the infinite horrors of the Abyss.
  6887 | D:5      | Found a corrupted altar of Lugonu.
  6894 | D:5      | Found a staircase to the Ecumenical Temple.
  6988 | D:5      | Noticed an orc warrior
  7004 | D:5      | Slain by an orc warrior

Illustrated notes

Levels and vault maps discovered:
D:1:      evilmike_arrival_come_back, layout_loops_cross
D:2:      layout_loops_ring
D:3:      layout_loops_ring, general_overflow_altar, minmay_overflow_temple_hex,
          serial_shops, nicolae_shop_crystal
D:4:      layout_basic
D:5:      layout_basic, minmay_temple_entry_purple_smoke, serial_shops,
          shop_statue, chequers_garden, minmay_stone_trees_large,
          minmay_strange_pillars, solitary_fountain,
          amcnicky_altar_lugonu_corruption, uniq_grinder

Skill      XL: |  1  2  3  4  5  6 |
---------------+-------------------+-----
Spellcasting   | 2 3 |  3.4
Unarmed Combat | 4 5 |  5.1
Fighting       | 2 |  2.9
Dodging        | |  2.1

Action                   |  1- 3 |  4- 6 || total
-------------------------+-------+-------++-------
Melee: Unarmed           |   103 |   151 ||   254
       Headbutt          |     7 |     3 ||    10
       Punch             |     1 |     1 ||     2
 Cast: Beastly Appendage |    16 |    15 ||    31
       Wereblood         |     2 |     6 ||     8
       Pain              |     7 |    11 ||    18
       Spider Form       |     2 |    19 ||    21
Invok: Reject Sacrifices |       |     1 ||     1
 Stab: Sleeping          |     1 |       ||     1
Armor: Robe              |    32 |     6 ||    38
       Skin              |     1 |     9 ||    10
Dodge: Dodged            |    67 |   139 ||   206
Block: Other             |       |     9 ||     9

Table legend: (Time is in decaauts)
 A = Elapsed time spent in this place.
 B = Non-inter-level travel time spent in this place.
 C = Inter-level travel time spent in this place.
 D = Time resting spent in this place.
 E = Time spent auto-exploring this place.
 F = Levels seen in this place.
 G = Mean time per level.
                   A        B        C        D        E       F      G
               +--------+--------+--------+--------+--------+-----+--------+
         Total |   6988 |   6690 |    298 |   1291 |   4453 |   5 | 1397.6 |
       Dungeon |   6988 |   6690 |    298 |   1291 |   4453 |   5 | 1397.6 |
               +--------+--------+--------+--------+--------+-----+--------+

Top non-repeatable levels by time:
     D:1: 2193 daAuts
     D:3: 1542 daAuts
     D:4: 1308 daAuts
     D:2: 1167 daAuts
     D:5: 776 daAuts
